[Event "Julius Baer Generation Cup Prelims 2022"]
[Site "Online"]
[Date "2022.09.14"]
[Round "7.4"]
[White "Keymer, Vincent"]
[Black "Saric, Ivan"]
[Result "1-0"]
[ECO "D78"]
[WhiteElo "2693"]
[BlackElo "2668"]
[Annotator "TA"]
[PlyCount "141"]
[EventDate "2022.09.12"]
[EventType "tourn"]
[EventCountry "NET"]
[SourceTitle "playchess.com"]
[Source "ChessBase"]
[SourceQuality "1"]
[TimeControl "900+10"]

1. c4 g6 2. d4 Nf6 3. g3 c6 4. Bg2 d5 5. Nf3 Bg7 6. O-O O-O {[%emt 0:00:02] CPLX 2.0 29 (d5xc4) (=29)} 7. a4 {[%emt 0:00:01] CPLX 2.1 29 (c4xd5) (=29). D78: Fianchetto Grünfeld: 6 0-0 c6.} Be6 {[%emt 0:00:13] CPLX 2.1} 8. Nc3 {[%emt 0:00:03] CPLX 2.1 36 (Nb1-a3) (=33)} dxc4 {[%emt 0:00:02] BESTDEEP} 9. e4 {[%emt 0:00:01] CPLX 2.2. Black is slightly better.} Na6 {[%emt 0:00:13] BESTDEEP} 10. h3 {[%emt 0:00:08] CPLX 2.4 0 (Bc1-e3) (=16)} Nb4 {[%emt 0:00:04] CPLX 2.4 0 (Nf6-e8) (=6)} 11. Be3 {[%emt 0:00:02] CPLX 2.5 5 (Qd1-e2) (=14)} Ne8 {[%emt 0:01:10] BESTDEEP} 12. Qe2 {[%emt 0:01:07] CPLX 2.4} Qa5 {[%emt 0:00:11] [#] CPLX 2.4 20 (Qd8-d7) (=7)} 13. Rab1 $146 {[%emt 0:04:51] RELBLUND 64 (Nf3-g5) (=19)} (13. Ng5 $11) ({Predecessor:} 13. Ng5 Bd7 14. f4 Nd3 15. Nf3 Nc7 16. g4 Ne6 17. f5 Nef4 18. Qd2 Nxg2 19. Kxg2 {1-0 (71) Cordova,E (2549)-Saric,I (2680) Chennai 2022}) 13... Nc7 $17 {[%emt 0:00:25] CPLX 2.5} 14. Ng5 {[%emt 0:02:02] [#] CPLX 2.5 0 (Nf3-e5) (=17)} Rad8 {[%emt 0:00:26] CPLX 3.2 46 (Bg7xd4) (=11)} (14... Bxd4 $1 $15 {feels stronger.} 15. Bxd4 Qxg5) 15. Nxe6 $11 {[%emt 0:01:31] CPLX 3.3} Nxe6 {[%emt 0:00:04] RECAPT} 16. d5 {[%emt 0:00:00] CPLX 2.5} cxd5 {[%emt 0:00:20] CPLX 3.1 13 (Ne6-d4) (=10)} 17. exd5 {[%emt 0:00:05] RECAPT} Nd4 {[%emt 0:00:46] CPLX 3.0 0 (Ne6-c7) (=9)} 18. Bxd4 {[%emt 0:00:58] CPLX 3.0} Bxd4 {[%emt 0:00:00] RECAPT} 19. Qxc4 {[%emt 0:00:01] BESTDEEP} Qc5 {[%emt 0:00:51] CPLX 2.8 0 (Bd4-f6) (=8)} 20. Qb3 {[%emt 0:00:55] BESTDEEP} a5 {[%emt 0:00:53] CPLX 2.5 12 (Bd4xc3) (=8)} 21. Rbd1 {[%emt 0:00:13] CPLX 2.6} Rd7 {[%emt 0:01:11] CPLX 2.8} 22. h4 {[%emt 0:01:05] BESTDEEP} Kh8 {[%emt 0:01:57] CPLX 2.8 23 (Rf8-d8) (=8)} 23. Rd2 {[%emt 0:00:26] BESTDEEP} f5 {[%emt 0:00:41] CPLX 2.8 1 (Qc5-b6) (=8)} 24. Kh2 {[%emt 0:02:52] CPLX 2.9 15 (Rf1-d1) (=8)} Bf6 {[%emt 0:02:16] CPLX 2.8 8 (Bd4-g7) (=8)} 25. Re1 {[%emt 0:00:16] CPLX 2.7 27 (Rf1-d1) (=9)} Rc8 {[%emt 0:00:10] CPLX 2.8 33 (e7-e5) (=9)} 26. Rc1 {[%emt 0:00:35] BESTDEEP} Rcd8 {[%emt 0:03:14] BESTDEEP} 27. Qd1 {[%emt 0:00:28] MISS-Nc3-a2 67 (Nc3-a2) (=12)} (27. Na2 $11 Qb6 28. Nxb4) 27... Qd6 {[%emt 0:00:16] CPLX 2.7 50 (Qc5-b6) (=11)} ({Better is} 27... Qb6 $1 $15) 28. f4 {[%emt 0:00:31] CPLX 2.9 18 (Nc3-b5) (=12)} Qb8 {[%emt 0:00:14][%cal Oe7e6] CPLX 2.6 18 (e7-e5) (=11)} 29. Qf3 {[%emt 0:00:22] CPLX 2.5 0 (Nc3-b5) (=11)} e6 {[%emt 0:01:22] CPLX 2.6 0 (Nb4-a6) (=11)} 30. Rcd1 $1 {[%emt 0:00:23] CPLX 2.7} b6 {[%emt 0:00:28] CPLX 2.7 0 (e6-e5) (=10)} 31. Qe3 {[%emt 0:00:51] CPLX 2.7} e5 {[%emt 0:00:27] CPLX 2.8 6 (e6xd5) (=10)} 32. Nb5 {[%emt 0:00:10] BESTDEEP} exf4 {[%emt 0:00:23] CPLX 2.8 13 (e5-e4) (=10)} 33. Qxf4 {[%emt 0:00:01] RECAPT 20 (g3xf4) (=10)} Qxf4 {[%emt 0:00:15] RECAPT} 34. gxf4 {[%emt 0:00:00] RECAPT} Bxh4 {[%emt 0:00:09] CPLX 2.3} 35. d6 {[%emt 0:00:15] Against Re7. EASY} Bf6 {[%emt 0:00:11] CPLX 2.7 45 (Rd8-e8) (=11)} (35... Re8 $5 ) 36. Re2 {[%emt 0:00:20] RELBLUND 64 (Nb5-c7) (=12)} (36. Nc7 $14) 36... g5 {[%emt 0:00:38] CPLX 2.7 50 (Bf6-g7) (=12)} (36... Bg7 $11) 37. Re6 {[%emt 0:00:19] CPLX 3.0 12 (f4xg5) (=12)} Kg7 {[%emt 0:00:04] RELBLUND 112 (Rd7-f7) (=15)} (37... Rf7 $11) 38. fxg5 {[%emt 0:00:04] White is more active. RELBLUND 99 (Nb5-c7) (=14)} (38. Nc7 $1 $16) 38... Bxg5 $14 {[%emt 0:00:03] RECAPT} 39. Kg3 {[%emt 0:00:09] Against Bf4+. CPLX 2.8 19 (Bg2-h3) (=14)} Kf7 $132 {[%emt 0:00:24][%mdl 2048] Black is fighting back. BESTDEEP} 40. Re2 {[%emt 0:00:10] BESTDEEP} Rc8 $1 {[%emt 0:00:13] DEEPSTRONG} 41. Bd5+ {[%emt 0:00:12] CPLX 3.1 8 (Re2-e5) (=14)} Nxd5 {[%emt 0:00:10] EASY} 42. Rxd5 {[%emt 0:00:00] RECAPT} Rc5 {[%emt 0:00:23] CPLX 2.8} 43. Rxc5 {[%emt 0:00:16] CPLX 3.2} bxc5 $11 {[%emt 0:00:00][%mdl 4096] Endgame KRB-KRN. RECAPT} 44. Re5 {[%emt 0:00:02][%csl LRc5,LRf5] EASY} Bf6 {[%emt 0:00:05] CPLX 2.6 0 (c5-c4) (=12)} 45. Rxf5 {[%emt 0:00:18] CPLX 2.8} Ke6 {[%emt 0:00:01][%csl LRb2,LRf5] EASY} 46. Rxc5 {[%emt 0:00:01] CPLX 2.8} Bxb2 {[%emt 0:00:03] CPLX 2.4} 47. Kf4 {[%emt 0:00:12] CPLX 2.2 0 (Kg3-f3) (=12)} Bg7 {[%emt 0:00:20] CPLX 2.3 0 (h7-h6) (=11)} 48. Ke4 {[%emt 0:00:09] CPLX 2.2} Bf6 {[%emt 0:00:24] RELBLUND 135 (Bg7-a1) (=14)} (48... Ba1 $11 {remains equal.}) 49. Rf5 {[%emt 0:00:09] CPLX 2.3 135 (Rc5-c6) (=14)} (49. Rc6 $1 $16) 49... Bg7 {[%emt 0:00:46] BESTDEEP} 50. Rd5 {[%emt 0:00:20] Black must now prevent Nc7+. CPLX 2.4 0 (Rf5-g5) (=14)} Rf7 {[%emt 0:00:13] RELBLUND 68 (Rd7-d8) (=15)} (50... Rd8 $11) 51. Rc5 {[%emt 0:00:18] CPLX 2.5 68 (Nb5-c7) (=15)} (51. Nc7+ $14 Kd7 52. Na6) 51... Bf8 {[%emt 0:00:11] BESTDEEP} 52. Rc6 {[%emt 0:00:06] CPLX 2.3 0 (Rc5-h5) (=15)} Rf1 {[%emt 0:00:34] RELBLUND 145 (Rf7-g7) (=18)} (52... Rg7 $11) 53. Nd4+ $16 {[%emt 0:00:14] CPLX 2.3=>BLUNDERREACT} Kd7 {[%emt 0:00:00] EASY} 54. Kd5 {[%emt 0:00:03] Intending Rc7+ and mate. EASY} Rd1 {[%emt 0:00:03][%cal Od1d4] And now ...Rxd4+! would win. CPLX 2.6} 55. Ra6 {[%emt 0:00:17] CPLX 2.6} ({Weaker is} 55. Rc7+ Kd8 $11) 55... h5 $2 {[%emt 0:00:17] BEVAL 400 (Kd7-e8) (=25)} (55... Ke8 56. Ra8+ (56. Rxa5 Bxd6 57. Ke6 Rxd4 $11) 56... Kf7) 56. Ra7+ $18 {[%emt 0:00:08] BEVAL} Ke8 {[%emt 0:00:01] [#] BEVAL} 57. Ra8+ $2 {[%emt 0:00:01] MISSDEEP-d6-d7 400 (d6-d7) (=21)} (57. d7+ $1 $18 Ke7 58. Kc4 Rxd4+ 59. Kxd4) 57... Kf7 $14 {[%emt 0:00:04][%cal Of8d6] CPLX 2.2} 58. d7 {[%emt 0:00:09] CPLX 2.5} Bg7 $2 {[%emt 0:00:08][%mdl 8192] [#] Black cannot hold the game after this. BEVAL 400 (Bf8-e7) (=31)} (58... Be7 $14) 59. d8=N+ $2 {[%emt 0:00:10] RELBLUND 400 (Ra8-f8) (=28)} (59. Rf8+ $3 Bxf8 (59... Kxf8 60. d8=Q+) 60. d8=Q) 59... Kg6 $18 {[%emt 0:00:03] EASY} 60. N8e6 {[%emt 0:00:02] BESTDEEP} Bf6 {[%emt 0:00:03] MISS-Bg7xd4 109 (Bg7xd4) (=32)} (60... Bxd4 $16 {might work better.} 61. Nxd4 h4) 61. Ke4 {[%emt 0:00:10] Strongly threatening Nf4+.} h4 $2 (61... Bxd4 {keeps fighting.} 62. Nxd4 h4 63. Ra6+ Kf7) 62. Nf4+ Kf7 63. Ra7+ Kg8 64. Nde6 {[%emt 0:00:05] Threatens to win with Kf5.} Bc3 (64... Rf1 $142 65. Rxa5 Kf7 66. Ra7+ Be7) 65. Rc7 $2 (65. Kf5 {[%cal Of4d5] Threatening mate with Nd5!} h3 66. Nxh3 Rf1+ 67. Nhf4) 65... Ba1 66. Kf5 Rg1 $2 (66... Rf1 $18 67. Rc5 Kf7 68. Rxa5 Bd4 69. Ng5+ Ke7) 67. Ng5 $2 (67. Rc8+ {mates} Kf7 68. Rc7+ Kg8 69. Rc5 Rf1 70. Rxa5 Bc3 71. Ra8+ Kf7 72. Ra7+ Ke8 73. Ke4) 67... Kf8 $2 (67... Rf1 68. Ra7 Kf8 69. Rxa5 Ke7) 68. Nd5 Rf1+ 69. Kg6 {[%emt 0:00:06][%cal Rc7c8] White mates.} Ke8 70. Ne6 Rg1+ 71. Kh5 {[%emt 0:00:03] Weighted Error Value: White=0.35/Black=0.25 (precise)} 1-0

[Event "Julius Baer Generation Cup Prelims 2022"]
[Site "Online"]
[Date "2022.09.14"]
[Round "7.5"]
[White "Erigaisi Arjun"]
[Black "Praggnanandhaa R"]
[Result "1/2-1/2"]
[ECO "E04"]
[WhiteElo "2725"]
[BlackElo "2676"]
[Annotator "TA"]
[PlyCount "110"]
[EventDate "2022.09.12"]
[EventType "tourn"]
[EventCountry "NET"]
[SourceTitle "playchess.com"]
[Source "ChessBase"]
[SourceQuality "1"]
[TimeControl "900+10"]

1. d4 Nf6 2. c4 e6 3. Nf3 d5 4. g3 dxc4 5. Bg2 Bb4+ 6. Bd2 {[%emt 0:00:03] BESTDEEP} c5 {[%emt 0:00:02] CPLX 2.9 16 (Bb4-e7) (=16). E04: Open Catalan: 5 Nf3.} 7. Bxb4 {[%emt 0:00:30] BESTDEEP} cxb4 {[%emt 0:00:02] RECAPT} 8. Ne5 {[%emt 0:00:00] BESTDEEP} O-O {[%emt 0:00:16][%cal Ob8c6] BESTDEEP. White has an edge.} 9. a3 $1 {[%emt 0:00:46][%mdl 4] CPLX 2.4 3 (Ne5xc4) (=1) outshines the older 9.Nxc4.} Nd5 {[%emt 0:01:12] CPLX 2.6 3 (Nb8-c6) (=5)} 10. Nxc4 {[%emt 0:01:01] CPLX 2.8 5 (a3xb4) (=2)} Nc6 {[%emt 0:00:07] CPLX 2.4 31 (b7-b5) (=10)} 11. O-O {[%emt 0:00:24] BESTDEEP} a5 {[%emt 0:00:04] [#] BESTDEEP} 12. axb4 $146 {[%emt 0:00:37] CPLX 2.5 20 (e2-e3) (=4)} ({Predecessor:} 12. Qd2 b5 13. Ne3 Nxe3 14. Qxe3 Ra6 15. Rd1 h6 16. Qd3 Qb6 17. e3 Bd7 18. Nd2 bxa3 19. bxa3 {½-½ (27) Rawlings,A (2321)-Thurlow,K (2283) ICCF email 2021}) 12... Ndxb4 {[%emt 0:00:24] RECAPT} 13. e3 {[%emt 0:00:02] CPLX 2.6 0 (Nb1-c3) (=4)} b6 {[%emt 0:00:25] BESTDEEP} 14. Nbd2 {[%emt 0:00:02][%cal Bb1d2,Bd2e4,Be4c5][%mdl 32] CPLX 2.9 10 (Qd1-a4) (=4)} Ba6 {[%emt 0:00:14] CPLX 2.8} 15. Qh5 {[%emt 0:00:41] CPLX 3.3 0 (Qd1-b3) (=4)} Rc8 {[%emt 0:01:41][%cal Oc6d4] ...Nxd4! is the strong threat. BESTDEEP} 16. b3 {[%emt 0:00:09] CPLX 3.7} b5 {[%emt 0:01:29] BESTDEEP} 17. Ne5 {[%emt 0:00:06] CPLX 3.5} ({Don't blunder} 17. Be4 $2 g6 18. Qh4 bxc4 $19) 17... Nxe5 {[%emt 0:00:50] CPLX 4.0} 18. Qxe5 {[%emt 0:00:00] RECAPT} h6 {[%emt 0:01:24] RELBLUND 51 (Nb4-c2) (=8)} (18... Nc2 $11) 19. Ne4 {[%emt 0:01:11] CPLX 2.8 37 (Rf1-d1) (=5)} (19. Rfd1 $5 ) 19... Bb7 $1 {[%emt 0:00:41] DEEPSTRONG} 20. Rfd1 {[%emt 0:01:23] CPLX 3.3 16 (Qe5-d6) (=6)} Bd5 {[%emt 0:01:03] CPLX 3.5} 21. Nc5 {[%emt 0:00:03] CPLX 3.4} Bxg2 {[%emt 0:00:03] BESTDEEP} 22. Kxg2 {[%emt 0:00:00] RECAPT} Qb6 {[%emt 0:00:06] CPLX 2.9} 23. Qe4 {[%emt 0:00:20] aiming for Nd7. CPLX 3.2 0 (Rd1-c1) (=5)} Rc7 {[%emt 0:00:11] Prevents Nd7. BESTDEEP} 24. Rdc1 {[%emt 0:00:59] CPLX 2.9 0 (Ra1-c1) (=5)} Rd8 {[%emt 0:01:02] CPLX 2.9} 25. h4 {[%emt 0:00:18] CPLX 2.9 0 (h2-h3) (=5)} Nd5 {[%emt 0:00:28] CPLX 3.0} 26. Qf3 {[%emt 0:00:55] CPLX 2.9 0 (Kg2-h3) (=4)} e5 {[%emt 0:00:40] CPLX 2.7} 27. Rd1 {[%emt 0:02:18] CPLX 3.0 28 (Nc5-d3) (=5)} exd4 {[%emt 0:00:03] CPLX 2.9 19 (Nd5-c3) (=5)} 28. exd4 {[%emt 0:00:01] RECAPT} Re7 {[%emt 0:00:05] CPLX 2.5 0 (Nd5-e7) (=5)} 29. Re1 {[%emt 0:00:27] CPLX 2.6 11 (Rd1-d2) (=5)} Rxe1 {[%emt 0:00:24] CPLX 2.8 28 (Re7-a7) (=6)} 30. Rxe1 {[%emt 0:00:00] RECAPT} Nf6 {[%emt 0:00:01] CPLX 2.5} 31. Rd1 {[%emt 0:00:57] CPLX 2.5 12 (Qf3-b7) (=5)} Nd5 {[%emt 0:00:43] CPLX 2.4 12 (Rd8-d5) (=6)} 32. h5 {[%emt 0:00:15] CPLX 2.4 14 (Rd1-e1) (=6)} Qa7 {[%emt 0:00:41] CPLX 2.4 12 (Nd5-f6) (=6)} 33. Ne4 {[%emt 0:00:41] CPLX 2.3 41 (Rd1-c1) (=7)} a4 {[%emt 0:00:32] CPLX 2.1} 34. bxa4 {[%emt 0:00:00] BESTDEEP} bxa4 {[%emt 0:00:28] Strongly threatening ...a3. RECAPT} 35. Nc5 {[%emt 0:00:01] DEEPSTRONG} Nb6 {[%emt 0:00:41] CPLX 2.3 32 (Nd5-f6) (=7)} (35... Nf6 $5 36. Rd2 a3 $17) 36. Qd3 {[%emt 0:00:55] RELBLUND 65 (Nc5-b7) (=8)} (36. Nb7 $11 {keeps the balance.} Ra8 37. Ra1) 36... a3 {[%emt 0:00:35] CPLX 2.3 36 (Qa7-a8) (=8)} 37. Ra1 {[%emt 0:00:15] CPLX 2.6} Ra8 $1 $36 {[%emt 0:00:27][%mdl 2048] Black has good play. DEEPSTRONG} ({Don't play} 37... a2 38. Qa6 Qa8+ 39. f3 $11) 38. Qb3 {[%emt 0:00:34] BESTDEEP} a2 {[%emt 0:02:12] MISSDEEP-Nb6-c8 38 (Nb6-c8) (=8)} 39. Ne4 {[%emt 0:01:00] MISSDEEP-Nc5-d3 116 (Nc5-d3) (=11)} (39. Nd3 $1 $11 {remains equal.}) 39... Qb7 $17 {[%emt 0:00:07] CPLX 3.3=>BLUNDERREACT} 40. f3 {[%emt 0:00:54] [#] EASY} Qa6 {[%emt 0:00:06] BESTDEEP} 41. Kh3 {[%emt 0:00:01] CPLX 3.9 69 (Ne4-d6) (=12)} (41. Nd6 $17 Ra7 42. g4) 41... Qc8+ {[%emt 0:01:03] CPLX 3.9 102 (Qa6-a5) (=11)} (41... Qa5 $19 {is more deadly.} 42. Nd6 Qxh5+ 43. Kg2 Nd5) 42. g4 {[%emt 0:00:16] CPLX 4.8 104 (Kh3-h2) (=15)} (42. Kh2 $17) 42... Qa6 {[%emt 0:00:02] MISS-Qc8-e6 148 (Qc8-e6) (=14)} (42... Qe6 $19 43. Qxe6 (43. d5 $2 Nxd5 44. Kh4 Qe7+ 45. Kh3 Nf4+ 46. Kh2 Qa3 $19) 43... fxe6) 43. d5 {[%emt 0:01:04] [#] RELBLUND 122 (Ne4-d6) (=18)} ({Better is} 43. Nd6 $15) 43... Nc4 $2 {[%emt 0:00:37] CPLX 3.1 163 (Nb6-d7) (=18)} (43... Nd7 $1 $19 {Hoping for ...Qa3.} 44. d6 Qa3) 44. Nc3 $11 {[%emt 0:00:33][%cal Ra1a2] EASY. The position is equal.} Nd2 {[%emt 0:00:24] CPLX 3.1 0 (Qa6-f6) (=18)} 45. Qxa2 {[%emt 0:00:06] EASY} Qxa2 {[%emt 0:00:02] RECAPT} 46. Rxa2 {[%emt 0:00:00] RECAPT} Rxa2 {[%emt 0:00:01] RECAPT} 47. Nxa2 {[%emt 0:00:00] RECAPT} Nxf3 {[%emt 0:00:00][%mdl 4096] Endgame KN-KN. CPLX 2.0} 48. Kg3 {[%emt 0:00:07] CPLX 2.0 0 (Na2-c3) (=16)} Ng5 {[%emt 0:00:09] BESTDEEP} 49. Nc3 {[%emt 0:00:04] CPLX 2.0 0 (Na2-b4) (=15)} Kf8 {[%emt 0:00:02] EASY} 50. Kf4 {[%emt 0:00:03] CPLX 2.0 0 (Nc3-b5) (=15)} Ke7 {[%emt 0:00:02] EASY} 51. Nb5 {[%emt 0:00:10] CPLX 2.0 0 (Nc3-e4) (=15)} g6 52. Ke5 {[%emt 0:00:19] CPLX 2.0} Nf3+ {[%emt 0:00:08] CPLX 2.0} 53. Kf4 {[%emt 0:00:00] CPLX 2.0} Ng5 {[%emt 0:00:00] BESTDEEP} 54. Ke5 {[%emt 0:00:01] CPLX 2.0 0 (Nb5-c3) (=14)} Nf3+ {[%emt 0:00:01] CPLX 2.0} 55. Kf4 {[%emt 0:00:00] CPLX 2.0 0 (Ke5-e4) (=13)} Ng5 {[%emt 0:00:00] Weighted Error Value: White=0.19 (very precise) /Black=0.17 (very precise)} 1/2-1/2

[Event "Julius Baer Generation Cup Prelims 2022"]
[Site "Online"]
[Date "2022.09.14"]
[Round "7.6"]
[White "Carlsen, Magnus"]
[Black "Aronian, Levon"]
[Result "1-0"]
[ECO "E04"]
[WhiteElo "2861"]
[BlackElo "2759"]
[Annotator "TA"]
[PlyCount "105"]
[EventDate "2022.09.12"]
[EventType "tourn"]
[EventCountry "NET"]
[SourceTitle "playchess.com"]
[Source "ChessBase"]
[SourceQuality "1"]
[TimeControl "900+10"]

1. Nf3 d5 2. g3 c5 3. Bg2 Nc6 4. d4 e6 5. O-O Nf6 6. c4 dxc4 7. Qa4 Bd7 8. Qxc4 b5 9. Qd3 c4 10. Qd1 Rc8 11. Bf4 {[%emt 0:00:01] E04: Open Catalan: 5 Nf3.} h6 {[%emt 0:00:29] [#]} 12. Nc3 $146 ({Predecessor:} 12. a3 g5 13. Bd2 Bg7 14. Nc3 a6 15. e3 O-O 16. Ne5 Nxe5 17. dxe5 Ne8 18. f4 f6 {1-0 (31) Oparin,G (2674)-Aronian,L (2785) Berlin 2022}) 12... b4 13. Nb5 {[%emt 0:00:08] The position is equal.} Qa5 14. Nd6+ Bxd6 15. Bxd6 {[%emt 0:00:00] Strongly threatening a3.} Ne4 16. Bf4 c3 17. Qb1 f5 18. a3 O-O 19. axb4 Qb5 20. Re1 a5 ({Black should try} 20... c2 $15 21. Qxc2 Nxb4) 21. bxa5 $14 g5 {[%emt 0:01:39] [#]} 22. bxc3 Qxb1 23. Rexb1 {[%emt 0:00:00] Ne5 is the strong threat.} gxf4 24. Rb7 (24. c4 $5 ) 24... Be8 25. gxf4 Nxc3 26. e3 Nd5 {[%emt 0:00:07] A mistake that costs the game.} (26... Nd8 $11 {and Black is okay.} 27. Rb4 Rf7) 27. a6 $18 Rf7 {[%emt 0:02:21] [#]} 28. Ne5 $1 Nxe5 (28... Rg7 $16 {was necessary.}) 29. Bxd5 ({And not} 29. fxe5 Bc6 30. Rxf7 Kxf7 $11) 29... exd5 30. fxe5 ({Don't play} 30. dxe5 $6 Ra8 31. Rxf7 Kxf7 $16) 30... Ra8 {[%emt 0:02:25] [#] White must now prevent ...Rxb7.} 31. Rxf7 Kxf7 {[%emt 0:00:02][%mdl 4096] Endgame KRB-KR} 32. a7 Bb5 33. Kg2 f4 (33... Be2 $16 34. f3 Ke7) 34. exf4 {[%emt 0:00:02] aiming for f5.} Kg6 (34... Bd3 $142 35. Kg3 Kg6) 35. Kf3 Kf5 $2 (35... Bd7 36. Ke3 Bc8 37. Rg1+ Kf7) 36. Rb1 Ba4 37. Rb7 Bd1+ 38. Ke3 Bc2 39. f3 {[%emt 0:01:31] White wants to mate with Rb6.} Ke6 40. Kd2 Bf5 41. Kc3 Bh3 42. Kb4 Kf5 43. Rf7+ Kg6 44. Rf6+ Kh5 45. Ra6 Bc8 46. Ra2 Kg6 47. Kc5 Kf5 48. Kb6 Kxf4 49. Rc2 Bf5 50. Rc6 {[%emt 0:00:01] Threatens to win with Kb7.} Ke3 51. Kb7 Re8 52. a8=Q Rxa8 53. Kxa8 {[%emt 0:00:00] Weighted Error Value: White=0.04 (flawless) /Black=0.64} 1-0

[Event "Julius Baer Generation Cup Prelims 2022"]
[Site "Online"]
[Date "2022.09.14"]
[Round "7.7"]
[White "Adhiban, B.."]
[Black "Niemann, Hans Moke"]
[Result "1/2-1/2"]
[ECO "E51"]
[WhiteElo "2603"]
[BlackElo "2688"]
[Annotator "TA"]
[PlyCount "124"]
[EventDate "2022.09.12"]
[EventType "tourn"]
[EventCountry "NET"]
[SourceTitle "playchess.com"]
[Source "ChessBase"]
[SourceQuality "1"]
[TimeControl "900+10"]

1. d4 Nf6 2. c4 e6 3. Nc3 Bb4 4. e3 O-O 5. Bd2 d5 6. Nf3 b6 7. cxd5 exd5 {[%emt 0:00:01] RECAPT} 8. Bd3 {[%emt 0:00:01] CPLX 2.1 3 (Ra1-c1) (=3). E51: Nimzo-Indian: Rubinstein: 4...0-0 5 Nf3 d5.} Ba6 {[%emt 0:00:00] CPLX 2.4 22 (Bb4-d6) (=11)} 9. Bxa6 {[%emt 0:00:05] CPLX 2.7} Nxa6 {[%emt 0:00:00] RECAPT} 10. Qa4 {[%emt 0:00:03] BESTDEEP} Qc8 {[%emt 0:00:05] BESTDEEP} 11. O-O {[%emt 0:00:51] CPLX 2.3} Qb7 $1 {[%emt 0:00:07][%mdl 4] BESTDEEP now scores much better than the old 11...Re8.} 12. a3 {[%emt 0:00:10] CPLX 2.4 0 (Nf3-e5) (=1)} Bd6 {[%emt 0:00:02] BESTDEEP} 13. Rfc1 {[%emt 0:00:35] CPLX 2.3 17 (b2-b4) (=3)} c6 {[%emt 0:00:20] [#] CPLX 2.3 17 (c7-c5) (=6)} 14. Na2 $146 {[%emt 0:00:03] CPLX 2.3 16 (b2-b4) (=5)} ({Predecessor:} 14. b4 b5 15. Qb3 Nb8 16. a4 a6 17. a5 Qe7 18. Nd1 Ne4 19. Be1 Bc7 20. Nd2 {0-1 (38) Marn,J (2360)-Schwabeneder,F (2431) Maribor 2020}) 14... c5 {[%emt 0:00:37] CPLX 2.3 16 (Rf8-c8) (=7)} 15. dxc5 {[%emt 0:00:42] BESTDEEP} bxc5 {[%emt 0:00:43] RECAPT} 16. b4 {[%emt 0:00:04] BESTDEEP} Rfc8 {[%emt 0:01:14] CPLX 2.8 17 (c5-c4) (=7)} (16... c4 {seems wilder.} 17. Nd4 Ne4 18. Bc3 Rae8) 17. Rab1 {[%emt 0:00:29] BESTDEEP} cxb4 {[%emt 0:00:52] CPLX 2.8 24 (c5-c4) (=9)} 18. axb4 {[%emt 0:02:27] RECAPT} Nc7 {[%emt 0:00:23] BESTDEEP} 19. Qc6 {[%emt 0:00:39] CPLX 2.8 21 (Na2-c3) (=5)} Qxc6 {[%emt 0:00:20] CPLX 3.4} (19... Qb6 {is more complex.} 20. b5 Ne4 21. Be1 Qxc6 22. Rxc6 Ne6) 20. Rxc6 {[%emt 0:00:00] RECAPT} Nb5 {[%emt 0:00:01] CPLX 2.7} 21. Rbc1 {[%emt 0:00:03] CPLX 2.8} Rxc6 {[%emt 0:00:04] CPLX 2.6} 22. Rxc6 {[%emt 0:00:00] RECAPT} Ne4 {[%emt 0:00:02] CPLX 2.2 0 (Kg8-f8) (=6)} 23. Be1 {[%emt 0:00:07] BESTDEEP} Bf8 {[%emt 0:00:13] CPLX 2.2 31 (Kg8-f8) (=7)} 24. Kf1 {[%emt 0:00:31] CPLX 2.1 16 (Na2-c1) (=4)} Rd8 {[%emt 0:00:40] CPLX 2.1} 25. Nd4 {[%emt 0:00:24] CPLX 2.1 35 (Na2-c1) (=6)} Nxd4 {[%emt 0:00:12] EASY} 26. exd4 {[%emt 0:00:00] RECAPT} Nd6 {[%emt 0:00:02] BESTDEEP} 27. Nc3 {[%emt 0:00:39] CPLX 2.0} Nf5 {[%emt 0:00:07][%csl LRb4,LRd4] EASY} 28. Nb5 {[%emt 0:03:00] CPLX 2.0} Rd7 {[%emt 0:01:08] MISS-Rd8-b8 0 (Rd8-b8) (=6)} 29. Rc7 {[%emt 0:01:47] CPLX 2.0 0 (Rc6-a6) (=5)} Rxc7 {[%emt 0:00:07] EASY} 30. Nxc7 {[%emt 0:00:00] RECAPT} Nxd4 {[%emt 0:00:01] CPLX 2.0 0 (Bf8-d6) (=5)} 31. Nxd5 $11 {[%emt 0:00:02][%mdl 4096] Endgame KBN-KBN. MISS-Be1-c3 4 (Be1-c3) (=5)} f6 {[%emt 0:00:06] BESTDEEP} 32. f4 {[%emt 0:01:55] CPLX 2.0 5 (Nd5-e3) (=5)} Kf7 {[%emt 0:00:17] CPLX 2.0} 33. Bf2 {[%emt 0:00:02] CPLX 2.0} Nb5 {[%emt 0:00:02] ...Ke6 is the strong threat. CPLX 2.0} 34. f5 {[%emt 0:00:01] BESTDEEP} Ke8 {[%emt 0:00:27] BESTDEEP} 35. Ke2 {[%emt 0:00:10] CPLX 2.0} Kd7 {[%emt 0:00:08] BESTDEEP} 36. Kd3 {[%emt 0:00:03] CPLX 2.0} Kc6 {[%emt 0:00:10] CPLX 2.0 0 (Bf8-d6) (=4)} 37. Nf4 {[%emt 0:02:24] BESTDEEP} Bxb4 {[%emt 0:00:03] CPLX 2.0} 38. Ne6 {[%emt 0:00:01] CPLX 2.0} g6 {[%emt 0:00:05] CPLX 2.0 8 (a7-a5) (=4)} 39. fxg6 {[%emt 0:00:26] BESTDEEP} hxg6 {[%emt 0:00:00] RECAPT} 40. Nd4+ {[%emt 0:00:01] BESTDEEP} Nxd4 {[%emt 0:00:11] EASY} 41. Bxd4 {[%emt 0:00:00] KB-KB. RECAPT} a5 {[%emt 0:00:08] [#] Threatens to win with ...Be7. CPLX 2.0 0 (f6-f5) (=4)} 42. Bxf6 {[%emt 0:00:03] CPLX 2.0} Bd6 {[%emt 0:00:04] CPLX 2.0 0 (Kc6-d5) (=4)} 43. h4 {[%emt 0:00:09] CPLX 2.0} Bg3 {[%emt 0:00:07] CPLX 2.0 0 (Kc6-d5) (=4)} 44. Kc4 {[%emt 0:00:04] CPLX 2.0} Kd6 {[%emt 0:00:06] CPLX 2.0 0 (Kc6-d7) (=4)} 45. Kb5 {[%emt 0:00:23] CPLX 2.0} Ke6 {[%emt 0:00:06] CPLX 2.0} 46. Bd8 {[%emt 0:00:10] CPLX 2.0 0 (Bf6-g5) (=3)} Kf5 {[%emt 0:00:03] BESTDEEP} 47. Kxa5 {[%emt 0:01:06] EASY} Kg4 {[%emt 0:00:02] EASY} 48. Kb5 {[%emt 0:00:01] CPLX 2.0} Bxh4 {[%emt 0:00:01] CPLX 2.0 0 (Bg3-e1) (=3)} 49. Bxh4 {[%emt 0:00:14] RECAPT} Kxh4 {[%emt 0:00:02] KP-KP. RECAPT} 50. Kc4 {[%emt 0:00:02] CPLX 2.0} Kg4 {[%emt 0:00:54] CPLX 2.0 0 (g6-g5) (=3)} 51. Kd4 {[%emt 0:00:41] CPLX 2.0 0 (Kc4-d3) (=3)} Kf4 52. Kd3 $1 {[%emt 0:00:07] CPLX 2.0} g5 {[%emt 0:00:05] CPLX 2.0 0 (Kf4-g4) (=3)} 53. Ke2 $1 {[%emt 0:00:04] CPLX 2.0} Kg3 {[%emt 0:00:01] EASY} 54. Kf1 {[%emt 0:00:01] EASY} Kh2 {[%emt 0:00:04] MISS-g5-g4 0 (g5-g4) (=3)} (54... g4 $5) 55. g4 $1 {[%emt 0:00:04] DEEPSTRONG} Kg3 {[%emt 0:00:01] EASY} 56. Kg1 {[%emt 0:00:01] EASY} Kxg4 $2 {[%emt 0:00:00][%mdl 8192] [#] KP-K. MISS-Kg3-f3 0 (Kg3-f3) (=3)} (56... Kf3 $11) 57. Kg2 {[%emt 0:00:00] EASY} Kf4 {[%emt 0:00:00][%cal Bg4f4,Bf4f3,Bf3g3][%mdl 32] RELBLUND} 58. Kf2 {[%emt 0:00:01] EASY} g4 {[%emt 0:00:00][%cal Bg5g4,Bg4g3,Bg3g2][%mdl 32] RELBLUND} 59. Kg2 {[%emt 0:00:00][%cal Bf2g2,Bg2g1,Bg1f1][%mdl 32] EASY} g3 {[%emt 0:00:00] CPLX 2.0} 60. Kg1 {[%emt 0:00:01] EASY. The position is equal.} Kf3 {[%emt 0:00:01] ( -> ...g2). CPLX 2.0 0 (Kf4-e3) (=3)} (60... Ke3 $5) 61. Kf1 {[%emt 0:00:01] CPLX 2.0} g2+ {[%emt 0:00:00] CPLX 2.0} 62. Kg1 {[%emt 0:00:00] EASY} Kg3 {[%emt 0:00:00] Weighted Error Value: White=0.03 (flawless) /Black=0.03 (flawless)} 1/2-1/2